AoeStats
← Еврей

Arabia

503185712Analyzed
3v3 RM · 1mo ago on Aug 30, 2026· 63m 46s· 6 players
Game mode
Random Map
Map size
Normal (6 player)
Population
200
Speed
Normal
Resources
Standard
Victory
Conquest
Starting age
Dark Age
Ending age
Imperial Age
RankedLock teamsTeams togetherTeam positionsShared explorationLock speedFull tech treeHidden civsTurbo modeCheats
Victory
Defeat
🇪🇸 Japanese · Spain
865
+17
🇵🇪 Franks · Peru
852
+18
🇪🇸 Burgundians · Spain
836
+18
🇷🇺 Khmer · Russia
932
-41
862
-17
🇷🇺 Spanish · Russia
861
-16
ZQQ
10:39 Feudal Age
10:12 Wheelbarrow
16:23 Double-Bit Axe
16:24 Horse Collar
17:06 Forging
19:45 Castle Age
17:54 Scale Mail Armor
18:00 Scale Barding Armor
18:38 Bow Saw
19:24 Heavy Plow
26:08 Elite Skirmisher
27:54 Ballistics
27:41 Murder Holes
30:49 Two-Man Saw
30:16 Burgundian Vineyards
30:20 Pikeman
31:03 Squires
31:22 Hand Cart
31:28 Town Watch
32:39 Cavalier
35:08 Iron Casting
34:54 Chain Barding Armor
35:50 Crop Rotation
38:41 Imperial Age
38:46 Elite Coustillier
40:30 Chemistry
41:18 Plate Barding Armor
41:37 Town Patrol
45:42 Paladin
Goati
1:56 Loom
11:02 Feudal Age
13:45 Forging
18:13 Double-Bit Axe
23:23 Castle Age
24:00 Scale Barding Armor
23:51 Gold Mining
23:57 Stone Mining
25:12 Husbandry
26:55 Wheelbarrow
26:05 Town Watch
30:16 Town Patrol
30:56 Hand Cart
31:06 Chain Barding Armor
34:32 Gold Shaft Mining
34:09 Bow Saw
37:49 Imperial Age
39:57 Caravan
40:28 Coinage
39:48 Cavalier
41:50 Paladin
45:50 Elite Skirmisher
47:16 Conscription
47:43 Arson
52:12 Plate Barding Armor
51:29 Fletching
51:40 Padded Archer Armor
Chenghis Khan
10:29 Feudal Age
10:15 Loom
10:47 Man-at-Arms
16:10 Forging
17:24 Scale Mail Armor
19:45 Double-Bit Axe
20:04 Fletching
20:38 Padded Archer Armor
25:14 Castle Age
24:28 Wheelbarrow
24:14 Horse Collar
24:26 Gold Mining
25:27 Long Swordsman
25:30 Crossbowman
26:36 Crossbowman
26:37 Elite Skirmisher
27:14 Gambesons
27:17 Arson
27:32 Squires
28:24 Town Watch
30:09 Bodkin Arrow
30:22 Thumb Ring
32:00 Bow Saw
31:52 Heavy Plow
32:40 Chain Mail Armor
34:37 Leather Archer Armor
38:27 Gold Shaft Mining
44:27 Imperial Age
43:15 Hand Cart
43:01 Town Patrol
45:30 Heavy Scorpion
46:15 Bracer
47:18 Chemistry
46:38 Ballistics
46:58 Iron Casting
46:54 Plate Mail Armor
46:55 Ring Archer Armor
47:25 Conscription
52:37 Kataparuto
51:40 Elite Samurai
buterbrod
0:28 Loom
11:21 Feudal Age
13:35 Double-Bit Axe
24:12 Gold Mining
29:05 Castle Age
27:33 Horse Collar
27:53 Fletching
28:04 Padded Archer Armor
29:28 Pikeman
31:22 Crossbowman
42:06 Town Watch
51:51 Wheelbarrow
52:09 Bow Saw
55:01 Forging
57:24 Iron Casting
59:52 Scale Barding Armor
59:47 Scale Mail Armor
64:36 Imperial Age
Еврей
6:14 Loom
11:53 Feudal Age
13:00 Double-Bit Axe
15:23 Horse Collar
19:03 Horse Collar
19:20 Fletching
23:37 Castle Age
22:15 Scale Mail Armor
22:50 Forging
23:45 Wheelbarrow
24:14 Scale Barding Armor
25:28 Scale Barding Armor
28:31 Bow Saw
29:30 Padded Archer Armor
30:49 Leather Archer Armor
31:24 Squires
31:23 Pikeman
33:06 Husbandry
33:19 Bloodlines
35:00 Arson
39:38 Imperial Age
37:53 Chain Barding Armor
38:09 Iron Casting
40:57 Conscription
40:15 Halberdier
42:49 Chain Mail Armor
43:35 Blast Furnace
42:31 Bodkin Arrow
43:08 Ring Archer Armor
45:11 Light Cavalry
46:32 Plate Barding Armor
46:29 Heavy Plow
48:08 Chemistry
51:54 Bodkin Arrow
53:40 Two-Man Saw
черный как смола
0:31 Loom
12:37 Feudal Age
13:57 Double-Bit Axe
16:09 Horse Collar
17:36 Fletching
21:25 Padded Archer Armor
25:13 Castle Age
23:31 Scale Mail Armor
24:53 Forging
25:17 Eagle Warrior
25:58 Squires
26:19 Thumb Ring
28:03 Wheelbarrow
28:38 Bow Saw
30:48 Bodkin Arrow
31:17 Chain Mail Armor
35:30 Hand Cart
39:30 Imperial Age
36:48 Town Watch
39:55 Leather Archer Armor
40:16 Iron Casting
40:24 Ballistics
40:15 Masonry
40:09 Elite Eagle Warrior
42:31 Bracer
42:59 Town Patrol
44:44 Chemistry
44:27 Ring Archer Armor
44:28 Plate Mail Armor
45:11 Blast Furnace
48:57 Pikeman
49:16 Elite Plumed Archer
50:41 Conscription
49:53 Halberdier
53:25 Holcans
53:59 Architecture
Connection lost

Rejoining the realm…

Still unreachable

The connection could not be restored.

Session expired

The server has moved on; the page needs a fresh start.